 Dungeon Crawl Stone Soup version 0.27.0-1-g7a089689b8 (webtiles) character file.

Game seed: 11979378385905172552

7768 robertstho the Thaumaturge (level 11, -8/76 HPs)
             Began as a Djinni Fire Elementalist on Aug 9, 2021.
             Was an Initiate of Gozag.
             Mangled by an ice beast (18 damage)
             ... summoned by Fannar
             ... on level 10 of the Dungeon.
             The game lasted 00:15:28 (9946 turns).

robertstho the Thaumaturge (DjFE)                   Turns: 9946, Time: 00:15:29

Health: -8/76      AC:  4    Str:  7    XL:     11   Next: 43%
Gold:   417        EV: 14    Int: 26    God:    Gozag SH:  0 Dex: 14

rFire    + + +     SeeInvis .   F - +1 glaive (protect)
rCold    x x .     Faith    .   (shield currently unavailable)
rNeg     + . .     Spirit   .   H - +0 robe {rN+}
rPois    ∞         Reflect  .   (no helmet)
rElec    .         Harm     .   C - +0 cloak
rCorr    .         Rampage  .   j - +0 pair of gloves
Will     +....                  (boots unavailable)
Stlth    +++.......             t - amulet of regeneration
HPRegen  1.22/turn              e - ring of fire
MPRegen  0.00/turn              z - +6 ring of intelligence

@: about to teleport, gold aura, flying
A: sickness immunity, fire resistance 2, cold vulnerability 1, float, innate
caster, hp casting, extra vitality 1
a: Renounce Religion, Potion Petition, Call Merchant, Bribe Branch


You were on level 10 of the Dungeon.
You worshipped Gozag.
Gozag was aware of your devotion.
You visited 2 branches of the dungeon, and saw 11 of its levels.

You collected 848 gold pieces.
You spent 264 gold pieces at shops.
You paid 167 gold pieces to Gozag.

Inventory:

Hand Weapons
 f - a +0 vampiric whip
 g - a +1 flail of holy wrath
 y - a +2 trident of protection
 A - a +3 rapier of holy wrath
 F - a +1 glaive of protection (weapon)
 G - a +1 scimitar of flaming
Missiles
 a - 3 throwing nets
Armour
 j - a +0 pair of gloves (worn)
 C - a +0 cloak (worn)
 H - a +0 robe of positive energy (worn)
Jewellery
 e - a ring of fire (left hand)
 t - an amulet of regeneration (around neck)
 v - an amulet of the acrobat
 z - a +6 ring of intelligence (right hand)
Wands
 l - a wand of polymorph (9)
 B - a wand of digging (2)
Scrolls
 b - 3 scrolls of magic mapping
 c - 2 scrolls of teleportation
 d - a scroll of fear
 p - a scroll of enchant armour
 u - a scroll of vulnerability
 w - a scroll of immolation {unknown}
 x - 2 scrolls of enchant weapon
 D - a scroll of fog
 I - a scroll of torment {unknown}
 J - a scroll of blinking
Potions
 h - 2 potions of curing
 i - 3 potions of lignification
 k - 2 potions of heal wounds
 m - 3 potions of flight {unknown}
 n - a potion of might
 o - 3 potions of degeneration
 q - a potion of magic {unknown}
 r - 2 potions of brilliance {unknown}
 s - a potion of haste {unknown}
 E - 2 potions of mutation {unknown}
 K - a potion of invisibility {unknown}


   Skills:
 * Level 6.1 Fighting
 + Level 0.2 Maces & Flails
 + Level 4.4 Polearms
 + Level 4.9 Dodging
 + Level 4.0 Stealth
 * Level 10.7 Spellcasting


You had 2 spell levels left.
You knew the following spells:

 Your Spells              Type           Power      Damage    Failure   Level
a - Foxfire               Conj/Fire      100%       2x1d9     1%          1
b - Conjure Flame         Conj/Fire      81%        6-21      1%          3
c - Inner Flame           Hex/Fire       81%        N/A       1%          3
d - Sticky Flame          Conj/Fire      81%        2d9       1%          4
e - Fireball              Conj/Fire      40%        3d16      1%          5
f - Summon Small Mammal   Summ           100%       N/A       1%          1
g - Slow                  Hex            63%        N/A       1%          2
h - Tukima's Dance        Hex            63%        N/A       1%          3
i - Vampiric Draining     Necr           31%        2d10      1%          3
j - Summon Lightning Spi  Summ/Air       63%        N/A       1%          4
Your spell library was empty.

Dungeon Overview and Level Annotations

Branches:
Dungeon (10/15)            Temple (1/1) D:7            Lair (0/6) D:10
    Orc: D:9-12

Altars:
Elyvilon
Fedhas
Gozag
Uskayaw
Zin

Shops:
D:4 !*   D:7 ?

Annotations:
D:9 1 runed translucent door
D:10 Fannar


Innate Abilities, Weirdness & Mutations

You are immune to sickness and miasma.
You are immune to poison.
Your flesh is very heat resistant. (rF++)
You are vulnerable to cold. (rC-)
You float through the air rather than walking.
You learn spells naturally, not from books.
Your magical power is your life essence.
You have superior vitality. (+4 HP)


Message History

The howler monkey is covered in liquid flames!
The howler monkey burns!
The howler monkey hits you.
The howler monkey burns!
The howler monkey burns!
You kill the howler monkey!
Fannar says, "I shall freeze you to your soul!"
Casting: Sticky Flame (mildly dangerous; 1% risk of failure)
Confirm with . or Enter, or press ? or * to list all spells.
Aiming: Fireball (dangerous; 1% risk of failure)
Press: ? - help, Shift-Dir - straight line, f - ice beast
Aim: an ice beast (summoned)
You feel a surge of power!
The fireball explodes!
The fireball engulfs the ice beast!
The ice beast melts!
The ice beast is heavily wounded.
The fireball engulfs the howler monkey!!
You kill the howler monkey!
Unknown command.
Casting: Fireball (dangerous; 1% risk of failure)
Confirm with . or Enter, or press ? or * to list all spells.
Aiming: Fireball (dangerous; 1% risk of failure)
Press: ? - help, Shift-Dir - straight line, f/p - ice beast
Aim: an ice beast (heavily wounded, summoned)
You feel a surge of power!
The fireball explodes!
The fireball engulfs the ice beast!
The ice beast melts!
The ice beast is almost dead.
The fireball engulfs Fannar!
Fannar is heavily wounded.
The ice beast closely misses you.
Unknown command.
As you read the scroll of teleportation, it crumbles to dust.
You feel strangely unstable.
Fannar gestures wildly while chanting.
Fannar drains the heat from the surrounding environment!
You feel a terrible chill!
* * * LOW HITPOINT WARNING * * *
The ice beast hits you.
* * * LOW HITPOINT WARNING * * *
The ice beast freezes you!!
You feel a terrible chill!
You die...
Your body crumbles into a pile of gold.

............#
<...........#
.......h....#
..>.........#
(......$....# #.###
#.e.# #############Y###
#.............@.#
#...............#
###...............#
#.................#
..#...............######
###....................#
#########.##########.#
#..# ##.#


You could see Fannar and an ice beast (summoned).

Vanquished Creatures
  Harold (D:10)
  Erica (D:8)
  Pikel (D:6)
  Eustachio (D:6)
  4 yaks (D:10)
  3 steam dragons
  4 wyverns (D:10)
  Grum (D:8)
  3 vampire mosquitoes (D:10)
  5 water moccasins
  2 orc warriors
  An ice beast (D:8)
  A necrophage (D:4)
  An ogre (D:5)
  4 wolves (D:8)
  A centaur (D:9)
  A phantom (D:4)
  A lemure (D:6)
  3 kobold brigands
  3 scorpions
  3 bullfrogs
  2 wyvern skeletons
  9 killer bees
  2 howler monkeys (D:10)
  8 centaur zombies
  2 hounds
  5 jellies
  5 orc priests
  Crazy Yiuf (D:6)
  A bullfrog skeleton (D:5)
  3 centaur skeletons
  A gnoll shaman (D:6)
  Terence (D:2)
  4 orc wizards
  3 iguanas
  A hound zombie (D:5)
  2 howler monkey zombies
  6 gnolls
  4 adders
  A river rat (D:3)
  2 white imps
  3 worms
  2 dart slugs
  12 orcs
  8 endoplasms
  5 giant cockroaches
  8 goblins
  5 hobgoblins
  16 jackals
  6 quokkas
  11 ball pythons
  4 bats
  8 frilled lizards
  21 kobolds
  2 rats
  A bush (D:10)
220 creatures vanquished.

Vanquished Creatures (collateral kills)
  A foxfire (D:5)
1 creature vanquished.

Vanquished Creatures (others)
  531 foxfires
  2 fungi (D:10)
  14 plants
547 creatures vanquished.

Grand Total: 768 creatures vanquished

Notes
Turn   | Place    | Note
-------+----------+-------------------------------------------
     0 | D:1      | robertstho the Djinni Fire Elementalist began the quest for
                  | the Orb.
     0 | D:1      | Reached XP level 1. HP: 15/15 MP: 0/0
   375 | D:1      | Reached XP level 2. HP: 16/21 MP: 0/0
   981 | D:1      | Reached skill level 3 in Spellcasting
  1217 | D:1      | Found a faded altar of an unknown god.
  1305 | D:1      | Reached XP level 3. HP: 22/26 MP: 0/0
  1305 | D:1      | Learned a level 1 spell: Summon Small Mammal
  1866 | D:2      | Noticed Terence
  1878 | D:2      | Killed Terence
  1879 | D:2      | Reached XP level 4. HP: 11/31 MP: 0/0
  2697 | D:3      | Reached skill level 1 in Fighting
  2740 | D:3      | Reached XP level 5. HP: 33/37 MP: 0/0
  2740 | D:3      | Learned a level 2 spell: Slow
  2741 | D:3      | Reached skill level 4 in Spellcasting
  3488 | D:3      | Found a glowing silver altar of Zin.
  3735 | D:3      | Reached XP level 6. HP: 29/42 MP: 0/0
  4122 | D:4      | Noticed a necrophage
  4134 | D:4      | Killed a necrophage
  4401 | D:4      | Found Tosau's Distillery.
  4408 | D:4      | Bought a potion of might for 44 gold pieces
  4408 | D:4      | Bought a potion of degeneration for 11 gold pieces
  4408 | D:4      | Bought a potion of heal wounds for 55 gold pieces
  4538 | D:4      | Reached skill level 5 in Spellcasting
  4615 | D:4      | Reached XP level 7. HP: 36/47 MP: 0/0
  4615 | D:4      | Learned a level 3 spell: Tukima's Dance
  5140 | D:4      | Found Ilahos's Mass Market.
  5253 | D:5      | Entered Level 5 of the Dungeon
  5343 | D:5      | Reached skill level 6 in Spellcasting
  5620 | D:5      | Reached XP level 8. HP: 32/55 MP: 0/0
  6025 | D:6      | Reached skill level 7 in Spellcasting
  6187 | D:6      | Noticed Eustachio
  6195 | D:6      | Killed Eustachio
  6213 | D:6      | Noticed Pikel
  6223 | D:6      | Killed Pikel
  6224 | D:6      | Reached skill level 8 in Spellcasting
  6224 | D:6      | Reached XP level 9. HP: 45/61 MP: 0/0
  6224 | D:6      | Learned a level 3 spell: Vampiric Draining
  6420 | D:6      | Found a runed translucent door.
  6421 | D:6      | Noticed Crazy Yiuf
  6461 | D:6      | Killed Crazy Yiuf
  6538 | D:7      | Found Cukaxan's Magic Scroll Boutique.
  6541 | D:7      | Bought a scroll of fog for 28 gold pieces
  6541 | D:7      | Bought a scroll of identify for 28 gold pieces
  6541 | D:7      | Bought a scroll of amnesia for 49 gold pieces
  6541 | D:7      | Bought a scroll of magic mapping for 49 gold pieces
  6872 | D:7      | Found a staircase to the Ecumenical Temple.
  6883 | D:7      | Reached skill level 1 in Polearms
  6889 | Temple   | Entered the Ecumenical Temple
  7607 | D:8      | Noticed Grum
  7612 | D:8      | Killed Grum
  7613 | D:8      | Reached XP level 10. HP: 45/69 MP: 0/0
  7629 | D:8      | Noticed Erica
  7634 | D:8      | Killed Erica
  7635 | D:8      | Reached skill level 9 in Spellcasting
  7681 | D:8      | Reached skill level 5 in Fighting
  8810 | D:9      | Found a runed translucent door.
  8810 | D:9      | Noticed a deep elf pyromancer
  8810 | D:9      | Noticed a two-headed ogre
  8811 | D:9      | Noticed an efreet
  9239 | Temple   | Became a worshipper of Gozag Ym Sagoz the Greedy
  9398 | D:10     | Entered Level 10 of the Dungeon
  9493 | D:10     | Noticed Harold
  9499 | D:10     | Killed Harold
  9500 | D:10     | Reached XP level 11. HP: 49/76 MP: 0/0
  9500 | D:10     | Learned a level 4 spell: Summon Lightning Spire
  9597 | D:10     | Found a staircase to the Lair.
  9602 | D:10     | Reached skill level 10 in Spellcasting
  9785 | D:10     | Found the +4 robe of Folly {Brilliance Will-∞ Int+8}
  9938 | D:10     | Noticed Fannar
  9946 | D:10     | Mangled by an ice beast

Illustrated notes

Levels and vault maps discovered:
D:1:      lemuel_arrival_lava_pool, layout_loops_ring,
          ebering_ecumenical_altar_rust
D:2:      layout_rooms, kennysheep_generic_room_15, uniq_terence
D:3:      layout_rooms, zin_academy, gup_sewer_entry_bowl, minivault_4
D:4:      layout_loops_ring, serial_shops, nicolae_shop_statue_plus,
          minmay_stone_trees_small, minmay_shop_mass, minmay_diced_spiral
D:5:      layout_rooms, minmay_lizard_king
D:6:      layout_basic, uniq_eustachio, uniq_pikel, uniq_crazy_yiuf_cottage
D:7:      layout_loops_ring, minmay_temple_entry_trees, corner_web_ring,
          nicolae_zen_rock_garden, grunt_ministairs_15, nicolae_stop_n_shop_2
D:8:      layout_basic, uniq_erica, uniq_grum
D:9:      layout_basic, minmay_st_funbox, amcnicky_mini_pool_small, nrook_uturn
D:10:     layout_roguey, minmay_lair_entry_grove, orc_0_dummy,
          minmay_misc_feat_nine_boxes, uniq_fannar, uniq_harold
Temple:   nicolae_temple_the_god_donut

Skill      XL: |  1  2  3  4  5  6  7  8  9 10 11 |
---------------+----------------------------------+-----
Spellcasting   | 3 4 5 6 8 9 10 | 10.7
Fighting       | 1 2 3 4 5 6 |  6.1
Stealth        | 2 3 4 |  4.0
Dodging        | 3 4 |  4.9
Polearms       | 2 4 |  4.4
Maces & Flails | |  0.2

Action                   |  1- 3 |  4- 6 |  7- 9 | 10-12 || total
-------------------------+-------+-------+-------+-------++-------
Melee: Whip              |     2 |     1 |     6 |       ||     9
       Trident           |       |       |    52 |       ||    52
       Glaive            |       |       |       |    10 ||    10
 Cast: Foxfire           |    77 |   140 |   125 |       ||   342
       Sticky Flame      |       |     3 |    22 |     4 ||    29
       Fireball          |       |       |    14 |    65 ||    79
  Use: Scroll            |       |     5 |     5 |     2 ||    12
 Stab: Sleeping          |       |       |     3 |       ||     3
Armor: Robe              |     7 |     2 |    33 |    10 ||    52
Dodge: Dodged            |    19 |    16 |    51 |    20 ||   106
